 Dungeon Crawl Stone Soup version 0.31-a0-263-ge8cad7f256 (webtiles) character file.

Game seed: 6269022473470232633

50885 ragingrage the Carver (level 14, -5/103 HPs)
             Began as a Vampire Hunter on July 13, 2023.
             Was the Champion of Okawaru.
             Slain by a 12-headed hydra (11 damage)
             ... on level 5 of the Lair of Beasts.
             The game lasted 00:18:42 (13783 turns).

ragingrage the Carver (Vampire Hunter)             Turns: 13783, Time: 00:18:43

Health: -5/103     AC: 11    Str: 10    XL:     14   Next: 21%
Magic:  20/20      EV: 23    Int: 18    God:    Okawaru [******]
Gold:   1136       SH:  0    Dex: 22    Spells: 11/13 levels left

rFire   . . .        b - +3 arbalest (drain)
rCold   . . .        (shield currently unavailable)
rNeg    + . .        R - +0 troll leather armour
rPois   .            T - +1 helmet {Int+3}
rElec   .            p - +0 cloak
rCorr   +            P - +1 pair of gloves of Context {rN+ Will+}
SInv    +            r - +1 pair of boots of the Sun {rCorr Int+3}
Will    ++...        k - amulet of faith
Stlth   +++          z - +5 ring of evasion
HPRegen 1.37/turn    (no ring)
MPRegen 0.17/turn

%: faith
@: wereblooded (expiring), healing quickly
A: alive, fangs 3, see invisible, vampiric 2
a: Exsanguinate, Renounce Religion, Heroism, Finesse, Duel


You were on level 5 of the Lair of Beasts.
You worshipped Okawaru.
Okawaru was exalted by your worship.
You visited 2 branches of the dungeon, and saw 17 of its levels.

You collected 1136 gold pieces.

Inventory:

Hand Weapons
 a - a +7 demon blade of electrocution
 b - a +3 arbalest of draining (weapon)
 c - the +7 scimitar of the Exiled Queens {antimagic, rElec Will+ Str-2 Dex+7}
   (You took it off a centaur on level 9 of the Dungeon)

   Str:       It affects your strength (-2).
   Dex:       It affects your dexterity (+7).
   rElec:     It insulates you from electricity.
   Will:      It increases your willpower.
 L - a +2 dagger of draining
 S - a +3 quick blade of venom
Missiles
 d - 7 curare-tipped darts
 q - 47 poisoned darts
 v - 5 datura-tipped darts
 Z - a throwing net
Armour
 p - a +0 cloak (worn)
 r - the +1 pair of boots of the Sun (worn) {rCorr Int+3}
   (You found it on level 2 of the Dungeon)

   Int:       It affects your intelligence (+3).
   rCorr:     It protects you from acid and corrosion.
 C - a scarf of resistance
 P - the +1 pair of gloves of Context (worn) {rN+ Will+}
   (Okawaru gifted it to you on level 10 of the Dungeon)

   rN:        It protects you from negative energy.
   Will:      It increases your willpower.
 Q - an orb of wrath
 R - a +0 troll leather armour (worn)
 T - a +1 helmet of intelligence (worn)
 X - +0 pearl dragon scales
Jewellery
 k - an amulet of faith (around neck)
 s - a ring of ice
 z - a +5 ring of evasion (left hand)
 Y - a ring of fire
Wands
 f - a wand of digging (4)
 m - a wand of mindburst (9)
 y - a wand of flame (98)
 B - a wand of light (9)
 W - a wand of roots (16)
Scrolls
 h - 2 scrolls of brand weapon
 i - 3 scrolls of revelation
 j - 5 scrolls of poison
 o - 3 scrolls of amnesia {unknown}
 w - a scroll of fear {unknown}
 x - 2 scrolls of vulnerability {unknown}
 A - 8 scrolls of teleportation
 D - 2 scrolls of noise {unknown}
 E - 2 scrolls of immolation {unknown}
 G - 5 scrolls of fog
 M - 5 scrolls of enchant armour
 O - 2 scrolls of blinking
 U - a scroll of silence {unknown}
Potions
 e - a potion of cancellation {unknown}
 g - 3 potions of haste {unknown}
 l - 7 potions of lignification
 n - 4 potions of attraction
 t - 4 potions of curing
 u - 4 potions of mutation {unknown}
 F - 2 potions of degeneration {unknown}
 H - 3 potions of heal wounds {unknown}
 I - 2 potions of brilliance {unknown}
 J - a potion of berserk rage {unknown}
 K - 2 potions of magic {unknown}
 N - 3 potions of invisibility {unknown}
 V - a potion of enlightenment {unknown}


   Skills:
 + Level 7.1 Fighting
 - Level 10.0(13.2) Short Blades
 - Level 12.8(14.0) Long Blades
 - Level 10.1 Ranged Weapons
 + Level 9.2 Dodging
 - Level 6.0 Stealth
 - Level 5.0 Transmutations
 + Level 8.6 Invocations
 - Level 5.0 Evocations


You had 11 spell levels left.
You knew the following spells:

 Your Spells              Type           Power      Damage    Failure   Level
a - Wereblood             Tmut           18%        N/A       6%          2

Your spell library contained the following spells:

 Spells                   Type           Power      Damage    Failure   Level
 Apportation              Tloc           0%         N/A       30%         1
 Magic Dart               Conj           0%         1d3       30%         1
 Necrotise                Necr           0%         1d4       30%         1
 Cigotuvi's Dreadful Rot  Necr/Pois/Air  0%         N/A       41%         2
 Poisonous Vapours        Pois/Air       0%         N/A       41%         2
 Static Discharge         Conj/Air       0%         2-2/arc   41%         2
 Sublimation of Blood     Necr           0%         N/A       41%         2
 Mephitic Cloud           Conj/Pois/Air  0%         N/A       65%         3
 Ozocubu's Armour         Ice            0%         N/A       65%         3
 Vhi's Electric Charge    Tloc/Air       0%         N/A       65%         3
 Airstrike                Air            0%         2d(0-16)  96%         4
 Dispel Undead            Necr           0%         3d6       96%         4
 Passage of Golubria      Tloc           0%         N/A       96%         4
 Alistair's Intoxication  Tmut/Pois      6%         N/A       96%         5
 Yara's Violent Unravell  Hex/Tmut       4%         3d4       96%         5
 Arcjolt                  Conj/Air       0%         1d10      100%        5
 Borgnjor's Vile Clutch   Necr/Erth      0%         N/A       100%        5
 Freezing Cloud           Conj/Ice/Air   0%         6-21      100%        5
 Eringya's Noxious Bog    Tmut/Pois      4%         4d6       100%        6
 Plasma Beam              Fire/Air       0%         2x1d10    100%        6
 Ozocubu's Refrigeration  Ice            0%         4d7       100%        7
 Summon Small Mammal      Summ           Unusable   N/A       N/A         1
 Call Imp                 Summ           Unusable   N/A       N/A         2
 Tukima's Dance           Hex            Unusable   N/A       N/A         3
 Summon Lightning Spire   Summ/Air       Unusable   N/A       N/A         4
 Death Channel            Necr           Unusable   N/A       N/A         6
 Summon Hydra             Summ           Unusable   N/A       N/A         7

Dungeon Overview and Level Annotations

Branches:
Dungeon (12/15)            Temple (0/1) D:4            Lair (5/5) D:11
 Shoals (0/4) Lair:3        Snake (0/4) Lair:2          Orc (0/2) D:9
  Slime: Lair:4-5

Altars:
Kikubaaqudgha
Makhleb
Okawaru
Wu Jian

Shops:
D:8 [

Annotations:
D:12 Frances
Lair:5 exclusion: 3 doors


Innate Abilities, Weirdness & Mutations

Your natural rate of healing is accelerated.
You have razor-sharp teeth.
You have supernaturally acute eyesight. (SInv)
You are afflicted with vampirism and can become a bat while bloodless.


Message History

The 12-headed hydra bites the fungus! x2
The fungus is destroyed!
Your +7 demon blade of electrocution stops crackling.
You sense an unholy aura.
b - a +3 arbalest of draining (weapon)
The black mamba closely misses you.
Fire: b) +3 arbalest (drain)
Press: ? - help, Q - select action, (/) - cycle Shift-Dir - straight line, f - black mamba
Aim: a black mamba (61% to hit)
You shoot a bolt. The bolt hits the black mamba!!
You drain the black mamba! The black mamba barely misses you.
The black mamba misses you.
Fire: b) +3 arbalest (drain)
Press: ? - help, Q - select action, (/) - cycle Shift-Dir - straight line, f/p - black mamba
Aim: a black mamba (almost dead, lightly drained, 61% to hit)
You shoot a bolt. The bolt hits the black mamba!
You feel a bit better.
You kill the black mamba!
Okawaru accepts your kill.
Your primal bloodlust is almost over.
Fire: b) +3 arbalest (drain)
Press: ? - help, Q - select action, (/) - cycle Shift-Dir - straight line, f - 12-headed hydra
Aim: a 12-headed hydra (heavily wounded, 85% to hit)
You shoot a bolt. The bolt hits the 12-headed hydra.
The 12-headed hydra closely misses you. The 12-headed hydra bites you.
The 12-headed hydra closely misses you.
The 12-headed hydra bites you but does no damage.
The 12-headed hydra completely misses you.
The 12-headed hydra closely misses you.
The 12-headed hydra completely misses you.
The 12-headed hydra bites you but does no damage. x2
The 12-headed hydra completely misses you.
The 12-headed hydra closely misses you. The 12-headed hydra bites you.
The 12-headed hydra misses you. x2; The 12-headed hydra bites you!
* * * LOW HITPOINT WARNING * * *
The 12-headed hydra bites you!
* * * LOW HITPOINT WARNING * * *
The 12-headed hydra completely misses you.
The 12-headed hydra bites you!
* * * LOW HITPOINT WARNING * * *
The 12-headed hydra bites you!
You die...

##...# ##.† #.<.# ###...
##..P# ##.#.## ##....#
#.#..## #.#....# #.....#
###...## ####...###
#....######## #######.##..##
...#.##....S###P##....#....#
..........lSD@............##
)........########.....##...#
.......#.## #P.##..##...##
.... ## #######.###..## ...
### ##... .. ##..# . #.#..
##... ##..


You could see a 12-headed hydra, a komodo dragon and 2 water moccasins.

Vanquished Creatures
  Josephine (D:11)
  3 catoblepae
  3 hydras
  3 two-headed ogres
  2 boulder beetles
  10 death yaks
  Urug (Lair:5)
  2 skysharks
  An ugly thing (D:11)
  A manticore (D:12)
  9 elephants
  6 black mambas
  A torpor snail (Lair:5)
  A gargoyle (D:9)
  2 unseen horrors (D:10)
  13 cane toads
  3 rime drakes
  10 komodo dragons
  2 kobold demonologists (D:12)
  4 trolls
  2 polar bears (Lair:5)
  8 blink frogs (Lair:5)
  6 dream sheep (Lair:5)
  3 wyverns
  3 basilisks
  6 wraiths
  55 yaks
  A steam dragon (D:8)
  3 nagas (Lair:2)
  17 water moccasins
  2 acid dragons
  2 black bears
  An orc warrior (D:9)
  6 ice beasts
  2 sky beasts
  12 wolves
  An ogre (D:6)
  9 centaurs
  16 bullfrogs
  A gnoll sergeant (D:6)
  3 kobold brigands
  2 scorpions
  7 wights
  10 killer bees
  8 howler monkeys
  A jelly (D:5)
  A gnoll bouda (D:9)
  3 hounds
  7 orc priests
  4 iguanas
  Natasha (thrice) (D:3)
  An orc wizard (D:9)
  5 hell rats
  7 gnolls
  4 adders
  2 white imps
  4 worms
  3 dart slugs
  26 orcs
  12 ball pythons
  3 bats
  13 endoplasms
  17 giant cockroaches
  6 goblins
  10 hobgoblins
  8 quokkas
  31 kobolds
  7 rats
442 creatures vanquished.

Notes
Turn   | Place    | Note
-------+----------+-------------------------------------------
     0 | D:1      | ragingrage the Vampire Hunter began the quest for the Orb.
     0 | D:1      | Reached XP level 1. HP: 16/16 MP: 1/1
   245 | D:1      | Reached XP level 2. HP: 22/22 MP: 2/2
   499 | D:1      | Gained mutation: You are afflicted with vampirism and can
                  | become a bat while bloodless. [Vampire growth]
   499 | D:1      | Reached XP level 3. HP: 19/27 MP: 3/3
   786 | D:2      | Reached skill level 1 in Short Blades
  1029 | D:2      | Identified the +2 mace "Iho Xizi" {drain, *Rage rPois rC+
                  | Will++}
  1187 | D:2      | Reached XP level 4. HP: 33/33 MP: 4/4
  1211 | D:2      | Identified the +1 pair of boots of the Sun {rCorr Int+3}
  1640 | D:3      | Noticed Natasha
  1654 | D:3      | Killed Natasha
  1780 | D:3      | Noticed Natasha
  1794 | D:3      | Killed Natasha
  1795 | D:3      | Reached XP level 5. HP: 37/38 MP: 5/5
  1816 | D:3      | Noticed Natasha
  1830 | D:3      | Killed Natasha
  2190 | D:3      | Reached skill level 5 in Short Blades
  2339 | D:4      | Found a staircase to the Ecumenical Temple.
  2428 | D:4      | Found a burning altar of Makhleb.
  2468 | D:4      | Found an iron altar of Okawaru.
  2482 | D:4      | Reached XP level 6. HP: 44/44 MP: 6/6
  2823 | D:5      | Entered Level 5 of the Dungeon
  3023 | D:5      | Reached XP level 7. HP: 27/49 MP: 7/7
  3528 | D:5      | Found an ornate altar of the Wu Jian Council.
  3602 | D:4      | Became a worshipper of Warmaster Okawaru
  3871 | D:6      | Found an ancient bone altar of Kikubaaqudgha.
  4262 | D:6      | Reached * piety under Okawaru
  4263 | D:6      | Reached XP level 8. HP: 55/55 MP: 8/8
  4492 | D:7      | Reached skill level 10 in Short Blades
  4511 | D:7      | Reached skill level 1 in Invocations
  4595 | D:7      | Reached ** piety under Okawaru
  5300 | D:8      | Reached XP level 9. HP: 64/64 MP: 10/10
  5317 | D:8      | Found Qiatuu's Superior Scales.
  5333 | D:8      | Reached *** piety under Okawaru
  5458 | D:8      | Reached skill level 5 in Ranged Weapons
  6019 | D:9      | Noticed a troll
  6180 | D:9      | Identified the +7 scimitar of the Exiled Queens {antimagic,
                  | rElec Will+ Str-2 Dex+7}
  6277 | D:9      | Reached skill level 5 in Dodging
  6370 | D:9      | Reached **** piety under Okawaru
  6577 | D:9      | Killed a troll
  6606 | D:9      | Noticed a two-headed ogre
  6756 | D:9      | Killed a two-headed ogre
  6757 | D:9      | Reached skill level 5 in Fighting
  6832 | D:9      | Noticed a gargoyle
  6886 | D:9      | Found a staircase to the Orcish Mines.
  6978 | D:9      | Killed a gargoyle
  6978 | D:9      | Reached ***** piety under Okawaru
  6979 | D:9      | Reached XP level 10. HP: 62/74 MP: 13/13
  7319 | D:10     | Entered Level 10 of the Dungeon
  7452 | D:10     | Reached skill level 5 in Invocations
  7472 | D:10     | Identified the +1 pair of gloves of Context {rN+ Will+}
                  | (Okawaru gifted it to you on level 10 of the Dungeon)
  7472 | D:10     | Received a gift from Okawaru
  7806 | D:10     | Noticed a two-headed ogre
  7814 | D:10     | Killed a two-headed ogre
  8101 | D:10     | Reached XP level 11. HP: 69/79 MP: 14/14
  8185 | D:11     | You fall into a shaft and drop 1 floor!
  8245 | D:12     | Received a gift from Okawaru
  8245 | D:12     | Noticed a two-headed ogre
  8262 | D:12     | Reached skill level 10 in Ranged Weapons
  8263 | D:12     | Killed a two-headed ogre
  8321 | D:12     | Reached skill level 5 in Stealth
  8321 | D:12     | Reached skill level 1 in Evocations
  8358 | D:12     | Received a gift from Okawaru
  8358 | D:12     | Reached ****** piety under Okawaru
  8408 | D:12     | Noticed Josephine
  8490 | D:12     | Noticed Frances
  8714 | D:11     | Noticed a boulder beetle
  8717 | D:11     | Noticed a white ugly thing
  8728 | D:11     | Killed a white ugly thing
  8729 | D:11     | Killed a boulder beetle
  8729 | D:11     | Received a gift from Okawaru
  8805 | D:11     | Reached skill level 1 in Long Blades
  8813 | D:11     | Reached skill level 2 in Long Blades
  8848 | D:11     | Found a staircase to the Lair.
  8893 | D:11     | Reached skill level 3 in Long Blades
  9008 | D:11     | Reached skill level 4 in Long Blades
  9421 | D:11     | Killed Josephine
  9422 | D:11     | Reached skill level 5 in Long Blades
  9422 | D:11     | Reached XP level 12. HP: 84/86 MP: 17/17
  9451 | Lair:1   | Entered Level 1 of the Lair of Beasts
  9469 | Lair:1   | Reached skill level 6 in Long Blades
  9540 | Lair:1   | Reached skill level 7 in Long Blades
  9652 | Lair:1   | Received a gift from Okawaru
  9699 | Lair:1   | Reached skill level 8 in Long Blades
  9926 | Lair:1   | Noticed a death yak
  9926 | Lair:1   | Noticed a death yak
  9926 | Lair:1   | Noticed a death yak
  9926 | Lair:1   | Noticed a death yak
  9928 | Lair:1   | Noticed a death yak
  9933 | Lair:1   | Noticed a death yak
  9949 | Lair:1   | Killed a death yak
  9955 | Lair:1   | Killed a death yak
  9956 | Lair:1   | Reached skill level 9 in Long Blades
  9961 | Lair:1   | Killed a death yak
  9970 | Lair:1   | Killed a death yak
  9970 | Lair:1   | Identified the +0 pair of gloves of Precision Catastrophes
                  | {rF+} (Okawaru gifted it to you on level 1 of the Lair of
                  | Beasts)
  9970 | Lair:1   | Received a gift from Okawaru
  9982 | Lair:1   | Killed a death yak
  9983 | Lair:1   | Reached skill level 10 in Long Blades
  9992 | Lair:1   | Killed a death yak
 10606 | Lair:2   | Noticed a boulder beetle
 10631 | Lair:2   | Killed a boulder beetle
 10632 | Lair:2   | Reached skill level 11 in Long Blades
 10871 | Lair:2   | Noticed a seven-headed hydra
 10877 | Lair:2   | Killed a seven-headed hydra
 10878 | Lair:2   | Reached skill level 12 in Long Blades
 10878 | Lair:2   | Reached XP level 13. HP: 91/91 MP: 18/18
 10902 | Lair:2   | Found a staircase to the Snake Pit.
 11583 | Lair:3   | Learned a level 2 spell: Wereblood
 11952 | Lair:3   | Reached skill level 1 in Transmutations
 12194 | Lair:3   | Found a staircase to the Shoals.
 12521 | Lair:4   | Received a gift from Okawaru
 12776 | Lair:4   | Identified the +0 ring mail of a Gauntlet {*Corrode +Blink
                  | Regen+ Str+3} (Okawaru gifted it to you on level 4 of the
                  | Lair of Beasts)
 12776 | Lair:4   | Received a gift from Okawaru
 12906 | Lair:5   | Entered Level 5 of the Lair of Beasts
 13156 | Lair:5   | Reached skill level 5 in Evocations
 13179 | Lair:5   | Reached XP level 14. HP: 52/101 MP: 18/20
 13471 | Lair:5   | Reached skill level 5 in Transmutations
 13511 | Lair:5   | Noticed Urug
 13531 | Lair:5   | Killed Urug
 13783 | Lair:5   | Slain by a 12-headed hydra

Illustrated notes

Levels and vault maps discovered:
D:1:      minmay_arrival_checkered_box, layout_basic
D:2:      minmay_roachtagon, layout_loops_ring
D:3:      layout_rooms, minmay_divided_ellipse, uniq_natasha
D:4:      layout_cave_pools, mainiacjoe_overflow_cross_hatched,
          nicolae_overflow_two_pavilions, minmay_temple_entry_glass
D:5:      layout_basic, mainiacjoe_overflow_six_doors_small
D:6:      layout_basic, old_standard_altar, grunt_decor_cap,
          lightli_corner_chamber
D:7:      layout_basic, minivault_5, item_on_display_a
D:8:      layout_loops_ring, hellmonk_scale_shop
D:9:      layout_small_grid, orc_0_dummy
D:10:     layout_basic
D:11:     layout_basic, hellmonk_lair_entry_icy
D:12:     layout_small_grid, uniq_frances, uniq_gastronok, uniq_josephine
Lair:1:   layout_regular_city
Lair:2:   layout_gridlike, nicolae_snake_entry_squirm, grunt_megastairs_2,
          lemuel_fruit_tree
Lair:3:   layout_long_grid, elwin_shoals_entry_rooms, grunt_megastairs_1
Lair:4:   layout_big_grid, grunt_forest_stairs_basic, grunt_megastairs_5,
          lemuel_fruit_fields
Lair:5:   due_jungle_book, layout_cave_pods, slime_entry_1, uniq_urug,
          uniq_snorg

Skill      XL: |  1  2  3  4  5  6  7  8  9 10 11 12 13 14 |
---------------+-------------------------------------------+-----
Ranged Weapons | 4 6 9 10 | 10.1
Short Blades   | 2 4 5 7 9 10 | 10.0
Stealth        | 4 6 |  6.0
Fighting       | 3 5 6 7 |  7.1
Invocations    | 2 4 5 7 8 |  8.6
Dodging        | 4 6 7 8 9 |  9.2
Evocations     | 3 5 |  5.0
Long Blades    | 5 12 | 12.8
Transmutations | 4 5 |  5.0

Action                     |  1- 3 |  4- 6 |  7- 9 | 10-12 | 13-15 || total
---------------------------+-------+-------+-------+-------+-------++-------
  Melee: Dagger            |   154 |   257 |   341 |    22 |       ||   774
         Bite              |    15 |    35 |    49 |    34 |    73 ||   206
         Punch             |     2 |    10 |     5 |    10 |     8 ||    35
         Scimitar          |       |       |     3 |       |       ||     3
         Demon blade       |       |       |       |   173 |   379 ||   552
         Quick blade       |       |       |       |       |    14 ||    14
   Fire: Shortbow          |    14 |       |       |       |       ||    14
         Arbalest          |       |       |    50 |   387 |   100 ||   537
  Throw: Dart              |       |       |       |     3 |       ||     3
   Cast: Wereblood         |       |       |       |       |     6 ||     6
 Invoke: Heroism           |       |       |       |     2 |     1 ||     3
  Evoke: Wand              |       |       |     1 |     1 |     1 ||     3
    Use: Scroll            |       |       |     2 |     7 |     8 ||    17
         Potion            |       |       |     1 |       |     1 ||     2
   Stab: Sleeping          |     4 |     4 |     4 |     1 |       ||    13
         Distracted        |       |       |       |     1 |     1 ||     2
         Petrified         |       |       |       |       |     4 ||     4
         Invisible         |       |       |       |       |     3 ||     3
 Armour: Leather armour    |    24 |    38 |    43 |    14 |       ||   119
         Troll leather arm |       |       |       |    72 |    84 ||   156
  Dodge: Dodged            |    87 |   109 |   228 |   482 |   448 ||  1354

Table legend: (Time is in decaauts)
 A = Elapsed time spent in this place.
 B = Non-inter-level travel time spent in this place.
 C = Inter-level travel time spent in this place.
 D = Time resting spent in this place.
 E = Time spent auto-exploring this place.
 F = Levels seen in this place.
 G = Mean time per level.
                   A        B        C        D        E       F      G
               +--------+--------+--------+--------+--------+-----+--------+
         Total |  13512 |  12818 |    694 |   1318 |   8123 |  17 |  794.8 |
       Dungeon |   9304 |   8691 |    613 |    681 |   5801 |  12 |  775.3 |
          Lair |   4208 |   4127 |     81 |    637 |   2321 |   5 |  841.6 |
               +--------+--------+--------+--------+--------+-----+--------+

Top non-repeatable levels by time:
     D:9: 1276 daAuts
  Lair:1: 1106 daAuts
    D:11: 1037 daAuts
  Lair:2: 962 daAuts
  Lair:3: 921 daAuts
    D:10: 847 daAuts
  Lair:5: 821 daAuts
     D:7: 798 daAuts
     D:5: 795 daAuts
     D:8: 793 daAuts
     D:1: 760 daAuts
     D:2: 722 daAuts
     D:6: 700 daAuts
     D:3: 689 daAuts
     D:4: 530 daAuts
